 Dungeon Crawl Stone Soup version 0.19.5 (webtiles) character file.

53 RaHiT the Magician (level 3, -9/24 HPs)
             Began as a Mummy Conjurer on Apr 14, 2017.
             Killed from afar by Sigmund (10 damage)
             ... with a puff of flame
             ... on level 2 of the Dungeon.
             The game lasted 00:05:00 (952 turns).

RaHiT the Magician (Mummy Conjurer)                  Turns: 952, Time: 00:05:01

Health: -9/24      AC:  8    Str: 11    XL:     3   Next: 62%
Magic:  2/8        EV: 12    Int: 15    God:
Gold:   53         SH:  0    Dex: 12    Spells: 2 memorised, 6 levels left

rFire  x . .     SeeInvis .     h - +0 whip (venom)
rCold  + . .     Gourm    .     a - +0 robe
rNeg   + + +     Faith    .     (no shield)
rPois  ∞         Spirit   .     (no helmet)
rElec  .         Reflect  .     (no cloak)
rCorr  .         Harm     .     (no gloves)
MR     .....                    (no boots)
Stlth  ++........               (no amulet)
                                (no ring)
                                e - +6 ring of protection

@: no status effects
A: no food or potions, fire vulnerability, cold resistance 1, negative energy
resistance 3, torment resistance, unbreathing
a: no special abilities


You were on level 2 of the Dungeon.
You were not hungry.

You visited 1 branch of the dungeon, and saw 2 of its levels.

You collected 53 gold pieces.

Inventory:

Hand Weapons
 d - a +0 spear
 h - a +0 whip of venom (weapon)
Armour
 a - a +0 robe (worn)
Jewellery
 e - a +6 ring of protection (left hand)
Scrolls
 c - 2 scrolls of identify {unknown}
 f - a scroll of enchant armour {unknown}
 g - a scroll of random uselessness {unknown}
 i - a scroll of fear {unknown}
 j - a scroll of recharging {unknown}
Books
 b - a book of Conjurations

   Spells                             Type                      Level
   a - Magic Dart                     Conjuration                  1
   b - Searing Ray                    Conjuration                  2
   c - Dazzling Spray                 Conjuration/Hexes            3
   d - Fulminant Prism                Conjuration/Hexes            4
   e - Iskenderun's Mystic Blast      Conjuration                  4
   f - Iskenderun's Battlesphere      Conjuration/Charms           5


   Skills:
 - Level 1.5 Dodging
 - Level 1.5 Stealth
 + Level 3.8 Spellcasting
 - Level 3.2 Conjurations


You had 6 spell levels left.
You knew the following spells:

 Your Spells              Type           Power        Failure   Level  Hunger
a - Magic Dart            Conj           ##..         6%          1    N/A
q - Searing Ray           Conj           ##....       10%         2    N/A

Dungeon Overview and Level Annotations

Branches:
Dungeon (2/15)

Altars:
Gozag
Okawaru

Annotations:
D:2 Sigmund


Innate Abilities, Weirdness & Mutations

You do not eat or drink.
Your flesh is vulnerable to fire.
You are immune to poison.
Your flesh is cold resistant. (rC+)
You are immune to negative energy. (rN+++)
You are immune to unholy pain and torment.
You can survive without breathing.


Message History

Aiming: Searing Ray
Press: ? - help, Shift-Dir - straight line, f/p - Sigmund
Aim: Sigmund, wielding a scythe of freezing and wearing a robe (severely wounded)
The searing ray hits Sigmund.
Sigmund is severely wounded. (Press . to maintain the ray.) Sigmund hits you from afar with a scythe of freezing.
The searing ray hits Sigmund.
Sigmund is almost dead.
Sigmund hits you but does no damage.
Found a stone staircase leading down.
Sigmund points at you and mumbles some strange words.
The puff of flame hits you! The fire burns you terribly!
* * * LOW HITPOINT WARNING * * *
Sigmund gestures at you while chanting. The magic dart hits you!
* * * LOW HITPOINT WARNING * * *
Sigmund gestures at you while chanting. The puff of flame hits you!
The fire burns you terribly!
You die...

........#
#.......########.
........#
##.......'.†......
........#
#........#########
.♣.♣.#..# ###._......#
........######..........#
.♣.♣.♣...@...+.......##.#
.._....#######.......##.#
.♣.♣.♣.############'###%#
...........@....@...# #.#
.♣.♣.#.############.# #.#
........ #....#
#.######### .#.#.#.#
#.##.# #.#........
#.#....
#.##'###.#.######. . .
... #.#......#.....#.. .
. .... #.#......#####.#.#
.. ..> #.#.....<'.......#
#.#....†.#..##.###


You could see Sigmund.

Vanquished Creatures
  2 adders (D:2)
  A worm (D:2)
  A dart slug (D:1)
  4 hobgoblins
  5 kobolds
  A quokka (D:2)
  2 ball pythons (D:1)
  A bat (D:1)
  10 frilled lizards (D:1)
  3 goblins (D:1)
  5 rats
35 creatures vanquished.

Notes
Turn   | Place    | Note
-------+----------+-------------------------------------------
     0 | D:1      | RaHiT the Mummy Conjurer began the quest for the Orb.
     0 | D:1      | Reached XP level 1. HP: 13/13 MP: 3/3
   139 | D:1      | Reached XP level 2. HP: 19/19 MP: 0/5
   143 | D:1      | Learned a level 2 spell: Searing Ray
   614 | D:2      | Reached XP level 3. HP: 17/24 MP: 1/7
   737 | D:2      | Found an opulent altar of Gozag.
   907 | D:2      | Found an iron altar of Okawaru.
   933 | D:2      | Noticed Sigmund
   950 | D:2      | HP: 1/24 [Sigmund/magic dart (7)]
   952 | D:2      | Killed from afar by Sigmund

Skill      XL: |  1  2 |
---------------+-------+-----
Spellcasting   | 3 |  3.8
Dodging        | |  1.5
Stealth        | |  1.5
Conjurations   | |  3.2

Action                   || total
-------------------------++-------
Melee: Spear             ||    40
       Whip              ||    18
 Cast: Magic Dart        ||    30
       Searing Ray       ||     7
 Stab: Sleeping          ||     1
Armor: Robe              ||    18
Dodge: Dodged            ||    37
